 Dungeon Crawl Stone Soup version 0.31-a0-237-g2d982f9f85 (webtiles) character file.

Game seed: 8344534061291934479

615 promet the Sneak (level 7, -10/44 HPs)
             Began as a Kobold Brigand on July 11, 2023.
             Killed by divine providence
             ... invoked by an orc priest
              (13 damage)
             ... on level 5 of the Dungeon on July 12, 2023.
             The game lasted 00:40:21 (7317 turns).

promet the Sneak (Kobold Brigand)                   Turns: 7317, Time: 00:40:26

Health: -10/44     AC:  4    Str:  8    XL:     7   Next: 73%
Magic:  8/8        EV: 15    Int: 13    God:
Gold:   272        SH:  0    Dex: 18    Spells: 7/8 levels left

rFire   . . .        c - +0 broad axe (drain)
rCold   . . .        (shield currently unavailable)
rNeg    . . .        o - +0 leather armour
rPois   .            (no helmet)
rElec   .            f - +0 cloak
rCorr   .            (no gloves)
SInv    .            (no boots)
Will    .....        (no amulet)
Stlth   +++++        (no ring)
HPRegen 0.27/turn    (no ring)
MPRegen 0.11/turn

%: no passive effects
@: no status effects
A: small, no large weapons, nightstalker 3
a: no special abilities


You were on level 5 of the Dungeon.
You visited 1 branch of the dungeon, and saw 5 of its levels.

You collected 272 gold pieces.

Inventory:

Hand Weapons
 a - a +2 dagger
 b - a +0 sling
 c - a +0 broad axe of draining (weapon)
 d - a +0 trident
 r - a +2 mace of draining
 C - a +0 flail of draining
Missiles
 e - 9 curare-tipped darts
 h - 27 stones
 t - 2 atropa-tipped darts
 w - 10 poisoned darts (quivered)
Armour
 f - a +0 cloak (worn)
 k - a +0 robe
 l - a +0 helmet
 o - a +0 leather armour (worn)
Jewellery
 m - the amulet of Attitude {Faith +Blink rC- rN+ rCorr}
   (You found it on level 2 of the Dungeon)

   [amulet of faith]

   It allows you to gain divine favour quickly.
   rC:        It makes you vulnerable to cold.
   rN:        It protects you from negative energy.
   +Blink:    It lets you blink.
   rCorr:     It protects you from acid and corrosion.
 x - an amulet of faith
 z - a ring of ice
Scrolls
 p - a scroll of poison
 s - a scroll of amnesia
 v - a scroll of immolation
 y - 3 scrolls of identify
 A - a scroll of fog
Potions
 g - 4 potions of curing
 i - a potion of attraction
 j - a potion of mutation
 n - a potion of ambrosia
 u - 2 potions of degeneration {unknown}
Miscellaneous
 q - a piece from Xom's chessboard (15/15)


   Skills:
 * Level 4.4 Fighting
 + Level 3.7 Short Blades
 + Level 2.1(2.2) Axes
 + Level 0.9(1.7) Maces & Flails
 + Level 0.2 Ranged Weapons
 + Level 2.4 Throwing
 + Level 2.2 Armour
 + Level 3.2 Dodging
 + Level 7.4 Stealth
 + Level 1.1 Spellcasting
 + Level 0.3 Summonings


You had 7 spell levels left.
You knew the following spells:

 Your Spells              Type           Power      Damage    Failure   Level
a - Summon Small Mammal   Summ           4%         N/A       34%         1

Your spell library contained the following spells:

 Spells                   Type           Power      Damage    Failure   Level
 Apportation              Tloc           0%         N/A       36%         1
 Necrotise                Necr           0%         1d4       36%         1
 Portal Projectile        Hex/Tloc       0%         N/A       75%         3
 Tukima's Dance           Hex            0%         N/A       75%         3
 Blade Hands              Tmut           0%         N/A       100%        5


Dungeon Overview and Level Annotations

Branches:
Dungeon (5/15)
 Temple: D:4-7

Altars:
Xom

Annotations:
D:2 Sigmund, Terence


Innate Abilities, Weirdness & Mutations

You are small and have problems with some larger weapons.
You are completely attuned to the shadows.


Message History

The orc priest hits you with a +0 dagger.
The orc priest looks encouraged for a moment.
You hit the orc priest but do no damage.
The orc priest is lightly wounded.
The orc priest barely misses you.
You slash the orc priest!
The orc priest is almost dead.
The orc priest mumbles some strange prayers to Beogh against you.
Pain shoots through your body! The orc priest barely misses you.
The orc priest calls down the wrath of Beogh upon you.
Pain shoots through your body!
You hit the orc priest.
You kill the orc priest!
You closely miss the orc priest. The orc priest barely misses you.
Unknown command.
The orc priest hits you with a +0 flail.
Things that are here:
a +0 dagger; a +0 leather armour You closely miss the orc priest.
The orc priest hits you with a +0 flail.
The orc priest closely misses you.
You hit the orc priest.
The orc priest is lightly wounded.
The orc priest barely misses you.
You hit the orc priest.
The orc priest is moderately wounded.
The orc priest hits you with a +0 flail.
* * * LOW HITPOINT WARNING * * *
The orc priest barely misses you.
You closely miss the orc priest.
The orc priest is moderately wounded.
The orc priest barely misses you.
You hit the orc priest but do no damage.
The orc priest is moderately wounded.
The orc priest calls down the wrath of Beogh upon you.
Beogh smites you!
* * * LOW HITPOINT WARNING * * *
The orc priest invokes the aid of Beogh against you.
Beogh smites you!
You die...

#. ###.# .....
....##### ##..(..
##.....# .......
#####.@....# #o....
#.....o#.##### .###(...
#............. ........
#..........#####.##..#.
##............#..(...#.
#.........##.##.(...#.
#.........##.###....#.
#....####....###......
#######...#...........


You could see an orc priest.

Vanquished Creatures
  A phantom (D:4)
  A scorpion (D:4)
  2 orc priests
  2 iguanas (D:4)
  3 orc wizards
  Robin (D:2)
  8 adders
  2 gnolls (D:3)
  An ufetubus (D:5)
  2 worms
  A dart slug (D:1)
  18 orcs
  4 bats
  5 endoplasms
  4 giant cockroaches
  11 goblins
  9 hobgoblins
  3 jackals (D:5)
  6 kobolds
  4 quokkas
  3 ball pythons
  4 frilled lizards
  3 rats (D:3)
  A butterfly (D:3)
99 creatures vanquished.

Vanquished Creatures (collateral kills)
  A scorpion (D:5)
  An adder (D:5)
  An orc (D:3)
3 creatures vanquished.

Grand Total: 102 creatures vanquished

Notes
Turn   | Place    | Note
-------+----------+-------------------------------------------
     0 | D:1      | promet the Kobold Brigand began the quest for the Orb.
     0 | D:1      | Reached XP level 1. HP: 12/12 MP: 1/1
   364 | D:1      | Reached XP level 2. HP: 18/18 MP: 2/2
   369 | D:1      | Learned a level 1 spell: Summon Small Mammal
   770 | D:1      | Found a faded altar of an unknown god.
   813 | D:1      | Reached skill level 6 in Stealth
   902 | D:1      | Reached XP level 3. HP: 22/22 MP: 3/3
  1800 | D:2      | Noticed Robin
  2069 | D:2      | Killed Robin
  2350 | D:2      | Identified the amulet of Attitude {Faith +Blink rC- rN+
                  | rCorr}
  2361 | D:2      | Reached XP level 4. HP: 28/28 MP: 4/4
  2631 | D:2      | Noticed Terence
  2633 | D:2      | Noticed Sigmund
  3917 | D:3      | Reached XP level 5. HP: 32/32 MP: 5/5
  4060 | D:3      | Found a shimmering altar of Xom.
  4353 | D:3      | Reached skill level 1 in Armour
  4874 | D:3      | Reached XP level 6. HP: 38/38 MP: 6/6
  5454 | D:4      | Reached skill level 1 in Axes
  5750 | D:4      | Reached skill level 7 in Stealth
  5838 | D:4      | Reached skill level 1 in Spellcasting
  5937 | D:4      | Reached XP level 7. HP: 42/43 MP: 8/8
  6422 | D:5      | Entered Level 5 of the Dungeon
  7317 | D:5      | Killed from afar by an orc priest

Illustrated notes

Levels and vault maps discovered:
D:1:      eino_arrival_water_star, layout_basic, serial_forest,
          infiniplex_forest_clump_large, infiniplex_forest_diagonal,
          infiniplex_forest_straight_4, infiniplex_forest_clump_tiny,
          hellmonk_ecumenical_altar_pennies_from_heaven, nicolae_titane
D:2:      layout_basic, uniq_robin, uniq_terence, uniq_sigmund
D:3:      layout_basic, xom_butterflies
D:4:      layout_basic, hex_tiny, kennysheep_crisscross
D:5:      layout_basic

Skill      XL: |  1  2  3  4  5  6  7 |
---------------+----------------------+-----
Stealth        | 6 7 |  7.4
Fighting       | 3 4 |  4.4
Short Blades   | 3 |  3.7
Armour         | 1 2 |  2.2
Dodging        | 2 3 |  3.2
Axes           | 1 2 |  2.1
Spellcasting   | 1 |  1.1
Maces & Flails | |  0.9
Ranged Weapons | |  0.2
Throwing       | |  2.4
Summonings     | |  0.3

Action                     |  1- 3 |  4- 6 |  7- 9 || total
---------------------------+-------+-------+-------++-------
  Melee: Dagger            |    48 |   103 |     8 ||   159
         Mace              |     3 |    18 |       ||    21
         Punch             |     1 |       |       ||     1
         Broad axe         |       |    26 |    54 ||    80
   Fire: Sling             |       |       |     5 ||     5
  Throw: Dart              |     4 |     7 |     6 ||    17
         Stone             |     1 |     6 |       ||     7
   Cast: Summon Small Mamm |     1 |     3 |     4 ||     8
    Use: Scroll            |     4 |     6 |     2 ||    12
   Stab: Sleeping          |    14 |    17 |       ||    31
         Distracted        |     1 |     2 |       ||     3
 Armour: Robe              |     4 |     1 |       ||     5
         Leather armour    |       |    18 |    19 ||    37
  Dodge: Dodged            |    14 |   143 |    54 ||   211

Table legend: (Time is in decaauts)
 A = Elapsed time spent in this place.
 B = Non-inter-level travel time spent in this place.
 C = Inter-level travel time spent in this place.
 D = Time resting spent in this place.
 E = Time spent auto-exploring this place.
 F = Levels seen in this place.
 G = Mean time per level.
                   A        B        C        D        E       F      G
               +--------+--------+--------+--------+--------+-----+--------+
         Total |   7327 |   7191 |    136 |   2357 |   1324 |   5 | 1465.4 |
       Dungeon |   7327 |   7191 |    136 |   2357 |   1324 |   5 | 1465.4 |
               +--------+--------+--------+--------+--------+-----+--------+

Top non-repeatable levels by time:
     D:3: 2235 daAuts
     D:2: 1748 daAuts
     D:1: 1370 daAuts
     D:4: 1060 daAuts
     D:5: 912 daAuts
